[ PARTIDA AOE2 · #476480631 ]
UnrankedJaponeses vs Romans
[ ANÁLISIS DE REPETICIÓN · EXTRAÍDO DE LA PARTIDA GRABADA ]
Feudal
14:39
Castillos
19:30
Imperial
—
| APM promedio | 36.0 |
| APM pico | 73 |
| eAPM promedio | 20.2 |
| Aldeanos / militares | 118 / 4 |
Foco
⚔️ 23.0% · 🌾 77.0%
Fishing Ship ×13 · Fire Galley ×2 · Transport Ship ×2
Feudal
12:48
Castillos
23:39
Imperial
45:09
| APM promedio | 36.1 |
| APM pico | 85 |
| eAPM promedio | 21.5 |
| Aldeanos / militares | 159 / 283 |
Foco
⚔️ 40.8% · 🌾 59.2%
Militia ×126 · Spearman ×67 · Centurion ×45 · Knight ×23 · Battering Ram ×21 · Fishing Ship ×13
Feudal
13:43
Castillos
25:54
Imperial
37:45
| APM promedio | 27.6 |
| APM pico | 57 |
| eAPM promedio | 17.0 |
| Aldeanos / militares | 153 / 75 |
Foco
⚔️ 26.8% · 🌾 73.2%
Skirmisher ×44 · Turtle Ship ×19 · Fishing Ship ×16 · Unknown (2626) ×14 · Bombard Cannon ×7 · Trebuchet (Packed) ×3
Feudal
13:51
Castillos
30:10
Imperial
53:25
| APM promedio | 50.0 |
| APM pico | 95 |
| eAPM promedio | 26.5 |
| Aldeanos / militares | 143 / 246 |
Foco
⚔️ 43.2% · 🌾 56.8%
Spearman ×93 · Bolas Rider ×86 · Fire Galley ×49 · Fishing Ship ×16 · Unknown (2626) ×12 · Petard ×10
Feudal
13:21
Castillos
17:50
Imperial
—
| APM promedio | 60.2 |
| APM pico | 113 |
| eAPM promedio | 32.7 |
| Aldeanos / militares | 112 / 84 |
Foco
⚔️ 19.3% · 🌾 80.7%
Ghulam ×54 · Camel Scout ×26 · Fishing Ship ×9 · Unknown (2626) ×3 · Monk ×2 · Demolition Raft ×2
Feudal
14:05
Castillos
17:55
Imperial
44:21
| APM promedio | 45.6 |
| APM pico | 79 |
| eAPM promedio | 24.1 |
| Aldeanos / militares | 157 / 321 |
Foco
⚔️ 49.3% · 🌾 50.7%
Knight ×295 · Spearman ×14 · Fishing Ship ×11 · Battering Ram ×8 · Unknown (2626) ×4 · Monk ×2
Feudal
14:16
Castillos
21:45
Imperial
38:52
| APM promedio | 24.7 |
| APM pico | 65 |
| eAPM promedio | 13.5 |
| Aldeanos / militares | 119 / 166 |
Foco
⚔️ 32.6% · 🌾 67.4%
Genoese Crossbowman ×139 · Unknown (882) ×75 · Fishing Ship ×32 · Fire Galley ×23 · Unknown (2626) ×15 · Trebuchet (Packed) ×4
Feudal
13:31
Castillos
22:56
Imperial
39:41
| APM promedio | 56.8 |
| APM pico | 96 |
| eAPM promedio | 31.4 |
| Aldeanos / militares | 141 / 243 |
Foco
⚔️ 47.8% · 🌾 52.2%
Rattan Archer ×160 · Scout Cavalry ×35 · Galley ×32 · Fire Galley ×12 · Unknown (2626) ×8 · Fishing Ship ×5
Mapa de la partida
Recursos iniciales + cada clic de construcción. Líneas = muros · curvas = relieve. ◆ oro · ⬟ piedra · ● bayas · ✦ reliquia · ◌ hueco del cierre
Tu base· ✓ Cerrada en 19:30 · 53t muro · 1 puerta(s)
Base de iKonnik· Abierta — hueco de 4t
Base de 快樂 543· Abierta — hueco de 3t
Base de omnomnomnivore· Abierta — flanco sin cerrar
Base de 人生😈百态· Abierta — hueco de 8t
Base de 快樂987· Abierta — flanco sin cerrar
Base de jimmy· Abierta — hueco de 4t
Base de Sein· Abierta — hueco de 10t
Terreno inicial suavizado · ◌ = hueco del cierre detectado · pasá el cursor para detalles
Inputs por minuto
— 把星星装进兜里 - - iKonnik
Build order — 把星星装进兜里
Primeras 150 de 248 acciones detectadas
| 0:03 | Construir | Town Center |
| 0:50 | Construir | Palisade Wall |
| 0:53 | Construir | Palisade Wall |
| 0:57 | Construir | Palisade Wall |
| 1:11 | Construir | Dock |
| 1:15 | Construir | House |
| 2:29 | Crear | Villager (Male) |
| 2:29 | Crear | Villager (Male) |
| 2:30 | Crear | Villager (Male) |
| 2:30 | Crear | Villager (Male) |
| 2:30 | Crear | Villager (Male) |
| 2:33 | Investigar | Loom |
| 2:33 | Crear | Villager (Male) |
| 2:33 | Crear | Villager (Male) |
| 2:34 | Crear | Villager (Male) |
| 2:34 | Crear | Villager (Male) |
| 3:04 | Construir | House |
| 3:20 | Construir | House |
| 3:55 | Construir | Palisade Wall |
| 3:57 | Construir | Palisade Wall |
| 4:02 | Construir | Palisade Wall |
| 4:19 | Crear | Fishing Ship |
| 4:31 | Crear | Villager (Male) |
| 4:31 | Crear | Villager (Male) |
| 4:50 | Construir | House |
| 5:08 | Crear | Villager (Male) |
| 5:08 | Crear | Villager (Male) |
| 5:43 | Crear | Villager (Male) |
| 6:21 | Crear | Villager (Male) |
| 6:21 | Crear | Villager (Male) |
| 6:35 | Construir | House |
| 6:37 | Crear | Villager (Male) |
| 6:37 | Crear | Villager (Male) |
| 6:43 | Crear | Villager (Male) |
| 6:43 | Crear | Villager (Male) |
| 6:55 | Construir | House |
| 6:59 | Construir | Palisade Wall |
| 7:03 | Crear | Villager (Male) |
| 7:04 | Crear | Villager (Male) |
| 7:29 | Crear | Villager (Male) |
| 7:29 | Crear | Villager (Male) |
| 7:52 | Construir | Palisade Wall |
| 7:56 | Construir | Palisade Gate |
| 7:58 | Crear | Villager (Male) |
| 7:58 | Crear | Villager (Male) |
| 7:58 | Crear | Villager (Male) |
| 8:06 | Crear | Fishing Ship |
| 8:26 | Crear | Villager (Male) |
| 8:26 | Crear | Villager (Male) |
| 8:26 | Crear | Villager (Male) |
| 8:30 | Crear | Fishing Ship |
| 8:33 | Construir | House |
| 8:59 | Crear | Villager (Male) |
| 9:00 | Crear | Villager (Male) |
| 9:13 | Construir | House |
| 9:16 | Construir | Palisade Wall |
| 9:22 | Crear | Fishing Ship |
| 9:35 | Crear | Villager (Male) |
| 9:35 | Crear | Villager (Male) |
| 9:48 | Crear | Fishing Ship |
| 10:07 | Construir | Lumber Camp |
| 10:21 | Crear | Villager (Male) |
| 10:21 | Crear | Villager (Male) |
| 10:30 | Construir | House |
| 10:43 | Crear | Villager (Male) |
| 10:59 | Crear | Fishing Ship |
| 11:01 | Construir | House |
| 11:21 | Construir | Mining Camp |
| 11:34 | Construir | House |
| 11:39 | Crear | Villager (Male) |
| 11:45 | Crear | Villager (Male) |
| 12:01 | Construir | House |
| 12:03 | Construir | Palisade Wall |
| 12:22 | Investigar | Feudal Age |
| 12:23 | Investigar | Feudal Age |
| 13:47 | Construir | Palisade Wall |
| 14:39 | Edad | Edad Feudal |
| 14:46 | Construir | Stone Wall |
| 14:47 | Construir | Stone Wall |
| 14:48 | Crear | Villager (Male) |
| 15:01 | Construir | Mill |
| 15:21 | Construir | Blacksmith |
| 15:23 | Crear | Villager (Male) |
| 15:23 | Crear | Villager (Male) |
| 15:39 | Construir | Market |
| 15:50 | Construir | Market |
| 16:11 | Construir | Dock |
| 16:19 | Construir | House |
| 16:41 | Construir | House |
| 16:50 | Investigar | Castle Age |
| 16:50 | Investigar | Castle Age |
| 16:50 | Investigar | Castle Age |
| 18:03 | Investigar | Fletching |
| 18:03 | Investigar | Fletching |
| 18:04 | Investigar | Fletching |
| 18:36 | Construir | Watch Tower |
| 19:21 | Construir | Stone Wall |
| 19:23 | Construir | Stone Wall |
| 19:25 | Construir | Stone Wall |
| 19:26 | Crear | Villager (Male) |
| 19:30 | Edad | Edad de los Castillos |
| 19:31 | Investigar | Double-Bit Axe |
| 19:31 | Investigar | Double-Bit Axe |
| 19:48 | Investigar | Bodkin Arrow |
| 19:48 | Investigar | Bodkin Arrow |
| 19:57 | Crear | Villager (Male) |
| 20:01 | Construir | Mining Camp |
| 20:20 | Crear | Villager (Male) |
| 20:21 | Crear | Villager (Male) |
| 21:19 | Crear | Villager (Male) |
| 21:19 | Crear | Villager (Male) |
| 21:33 | Crear | Villager (Male) |
| 21:45 | Construir | University |
| 21:55 | Crear | Villager (Male) |
| 22:20 | Crear | Villager (Male) |
| 22:26 | Investigar | Guard Tower (upgrade) |
| 22:26 | Investigar | Guard Tower (upgrade) |
| 22:41 | Construir | Town Center |
| 23:30 | Crear | Villager (Male) |
| 23:31 | Crear | Villager (Male) |
| 23:37 | Construir | House |
| 23:38 | Construir | House |
| 23:39 | Construir | House |
| 23:43 | Construir | House |
| 23:47 | Crear | Villager (Male) |
| 23:55 | Construir | Watch Tower |
| 24:03 | Construir | Lumber Camp |
| 24:09 | Investigar | Treadmill Crane |
| 24:09 | Investigar | Treadmill Crane |
| 24:24 | Construir | Mill |
| 25:01 | Construir | Palisade Gate |
| 25:03 | Crear | Villager (Male) |
| 25:04 | Crear | Villager (Male) |
| 25:07 | Crear | Villager (Male) |
| 25:07 | Crear | Villager (Male) |
| 25:07 | Crear | Villager (Male) |
| 25:45 | Construir | Dock |
| 25:49 | Construir | House |
| 25:54 | Construir | Watch Tower |
| 26:13 | Crear | Villager (Male) |
| 26:13 | Crear | Villager (Male) |
| 26:13 | Crear | Villager (Male) |
| 26:21 | Crear | Fishing Ship |
| 27:28 | Crear | Villager (Male) |
| 27:29 | Crear | Villager (Male) |
| 27:29 | Crear | Villager (Male) |
| 27:29 | Crear | Villager (Male) |
| 27:31 | Crear | Fishing Ship |
| 27:48 | Crear | Villager (Male) |
| 27:52 | Crear | Villager (Male) |
Build order — iKonnik
Primeras 150 de 510 acciones detectadas
| 0:03 | Construir | Town Center |
| 0:59 | Construir | House |
| 1:03 | Construir | Dock |
| 2:21 | Crear | Villager (Male) |
| 2:21 | Crear | Villager (Male) |
| 2:21 | Crear | Villager (Male) |
| 2:21 | Crear | Villager (Male) |
| 2:22 | Crear | Villager (Male) |
| 3:46 | Crear | Fishing Ship |
| 3:47 | Crear | Fishing Ship |
| 3:50 | Crear | Villager (Male) |
| 3:50 | Crear | Villager (Male) |
| 4:23 | Crear | Villager (Male) |
| 4:23 | Crear | Villager (Male) |
| 4:33 | Construir | House |
| 4:37 | Investigar | Loom |
| 5:01 | Crear | Villager (Male) |
| 5:01 | Crear | Villager (Male) |
| 5:32 | Crear | Villager (Male) |
| 5:33 | Crear | Villager (Male) |
| 5:37 | Crear | Fishing Ship |
| 5:38 | Crear | Fishing Ship |
| 5:38 | Crear | Fishing Ship |
| 5:57 | Crear | Villager (Male) |
| 5:57 | Crear | Villager (Male) |
| 5:57 | Crear | Villager (Male) |
| 6:02 | Construir | House |
| 6:21 | Crear | Villager (Male) |
| 6:22 | Crear | Villager (Male) |
| 6:54 | Crear | Villager (Male) |
| 6:54 | Crear | Villager (Male) |
| 6:57 | Crear | Fishing Ship |
| 6:57 | Crear | Fishing Ship |
| 7:14 | Construir | House |
| 7:39 | Crear | Fishing Ship |
| 7:39 | Crear | Fishing Ship |
| 7:39 | Crear | Fishing Ship |
| 7:46 | Construir | House |
| 7:54 | Crear | Villager (Male) |
| 7:54 | Crear | Villager (Male) |
| 8:14 | Crear | Fishing Ship |
| 8:14 | Crear | Fishing Ship |
| 8:21 | Crear | Villager (Male) |
| 8:21 | Crear | Villager (Male) |
| 8:48 | Crear | Villager (Male) |
| 8:48 | Crear | Villager (Male) |
| 8:48 | Crear | Villager (Male) |
| 8:51 | Crear | Fishing Ship |
| 9:11 | Crear | Villager (Male) |
| 9:33 | Crear | Villager (Male) |
| 9:36 | Construir | Mining Camp |
| 10:04 | Crear | Villager (Male) |
| 10:17 | Construir | Lumber Camp |
| 10:38 | Investigar | Feudal Age |
| 10:39 | Investigar | Feudal Age |
| 11:15 | Construir | House |
| 11:40 | Construir | Mill |
| 11:47 | Construir | Barracks |
| 12:14 | Crear | Villager (Male) |
| 12:29 | Construir | Mining Camp |
| 12:41 | Crear | Militia |
| 12:41 | Crear | Militia |
| 12:48 | Edad | Edad Feudal |
| 12:51 | Investigar | Double-Bit Axe |
| 12:51 | Investigar | Double-Bit Axe |
| 13:09 | Crear | Unit 2626 |
| 13:15 | Crear | Militia |
| 13:29 | Crear | Villager (Male) |
| 13:29 | Crear | Villager (Male) |
| 13:29 | Crear | Villager (Male) |
| 13:52 | Investigar | Man-at-Arms (upgrade) |
| 13:52 | Investigar | Man-at-Arms (upgrade) |
| 14:08 | Construir | House |
| 14:10 | Construir | House |
| 14:17 | Crear | Militia |
| 14:24 | Crear | Unit 2626 |
| 14:38 | Construir | Watch Tower |
| 14:42 | Crear | Villager (Male) |
| 14:56 | Crear | Militia |
| 15:13 | Crear | Militia |
| 15:16 | Crear | Villager (Male) |
| 15:16 | Crear | Villager (Male) |
| 15:25 | Construir | Blacksmith |
| 15:59 | Construir | Watch Tower |
| 16:03 | Crear | Villager (Male) |
| 16:06 | Crear | Militia |
| 16:11 | Investigar | Scale Mail Armor |
| 16:22 | Investigar | Fletching |
| 16:26 | Construir | Farm |
| 16:26 | Construir | Farm |
| 16:28 | Construir | Farm |
| 16:28 | Construir | Farm |
| 16:53 | Crear | Villager (Male) |
| 17:11 | Crear | Militia |
| 17:11 | Crear | Militia |
| 17:13 | Crear | Villager (Male) |
| 17:17 | Construir | Farm |
| 17:17 | Construir | Farm |
| 17:17 | Construir | Farm |
| 17:45 | Crear | Villager (Male) |
| 17:52 | Construir | House |
| 17:59 | Construir | House |
| 18:03 | Construir | Watch Tower |
| 18:08 | Construir | Farm |
| 18:08 | Construir | Farm |
| 18:10 | Crear | Villager (Male) |
| 18:24 | Crear | Militia |
| 18:35 | Construir | Farm |
| 18:35 | Construir | Farm |
| 19:18 | Crear | Villager (Male) |
| 19:25 | Construir | Watch Tower |
| 19:32 | Crear | Villager (Male) |
| 19:47 | Construir | Market |
| 19:59 | Construir | Farm |
| 20:09 | Crear | Villager (Male) |
| 20:33 | Crear | Villager (Male) |
| 20:58 | Investigar | Castle Age |
| 20:58 | Investigar | Castle Age |
| 20:58 | Investigar | Castle Age |
| 21:11 | Construir | Palisade Wall |
| 21:12 | Construir | Palisade Wall |
| 21:13 | Construir | Palisade Wall |
| 21:13 | Construir | Palisade Wall |
| 21:15 | Construir | Palisade Wall |
| 21:16 | Construir | Palisade Wall |
| 21:17 | Construir | Palisade Wall |
| 21:17 | Construir | Palisade Wall |
| 21:19 | Construir | Palisade Wall |
| 21:19 | Construir | Palisade Wall |
| 21:20 | Construir | Palisade Wall |
| 21:21 | Construir | Palisade Wall |
| 21:23 | Construir | Palisade Wall |
| 21:32 | Construir | Watch Tower |
| 21:42 | Crear | Militia |
| 21:43 | Crear | Militia |
| 21:48 | Construir | Barracks |
| 21:55 | Investigar | Gold Mining |
| 22:02 | Investigar | Horse Collar |
| 22:02 | Investigar | Horse Collar |
| 22:13 | Construir | Palisade Wall |
| 22:17 | Crear | Villager (Male) |
| 22:27 | Crear | Militia |
| 23:06 | Investigar | Forging |
| 23:11 | Construir | House |
| 23:35 | Construir | Watch Tower |
| 23:39 | Edad | Edad de los Castillos |
| 23:43 | Investigar | Long Swordsman (upgrade) |
| 23:45 | Crear | Villager (Male) |
| 23:53 | Crear | Villager (Male) |
| 23:55 | Crear | Militia |
Build order — 快樂 543
Primeras 150 de 398 acciones detectadas
| 0:24 | Construir | Town Center |
| 0:49 | Construir | Dock |
| 0:51 | Construir | House |
| 2:41 | Crear | Villager (Male) |
| 2:41 | Crear | Villager (Male) |
| 2:46 | Crear | Villager (Male) |
| 2:47 | Crear | Villager (Male) |
| 2:47 | Crear | Villager (Male) |
| 3:53 | Crear | Fishing Ship |
| 3:54 | Crear | Fishing Ship |
| 4:09 | Crear | Villager (Male) |
| 4:09 | Crear | Villager (Male) |
| 4:24 | Investigar | Loom |
| 4:50 | Construir | House |
| 5:06 | Crear | Villager (Male) |
| 5:06 | Crear | Villager (Male) |
| 5:28 | Construir | House |
| 5:36 | Crear | Villager (Male) |
| 5:36 | Crear | Villager (Male) |
| 5:37 | Crear | Villager (Male) |
| 6:16 | Crear | Villager (Male) |
| 6:16 | Crear | Villager (Male) |
| 6:44 | Crear | Fishing Ship |
| 7:14 | Crear | Villager (Male) |
| 7:14 | Crear | Villager (Male) |
| 7:15 | Crear | Villager (Male) |
| 7:15 | Crear | Villager (Male) |
| 7:15 | Crear | Villager (Male) |
| 8:15 | Crear | Fishing Ship |
| 8:30 | Construir | Mill |
| 8:41 | Crear | Villager (Male) |
| 8:42 | Crear | Villager (Male) |
| 8:47 | Construir | House |
| 9:27 | Construir | House |
| 9:33 | Crear | Fishing Ship |
| 9:53 | Crear | Villager (Male) |
| 9:53 | Crear | Villager (Male) |
| 9:53 | Crear | Villager (Male) |
| 9:54 | Crear | Villager (Male) |
| 10:40 | Crear | Fishing Ship |
| 10:56 | Crear | Villager (Male) |
| 11:28 | Investigar | Feudal Age |
| 11:29 | Investigar | Feudal Age |
| 11:43 | Construir | Lumber Camp |
| 12:00 | Construir | House |
| 12:22 | Construir | Mining Camp |
| 13:33 | Construir | Dock |
| 13:39 | Construir | House |
| 13:43 | Edad | Edad Feudal |
| 13:44 | Crear | Villager (Male) |
| 13:44 | Crear | Villager (Male) |
| 14:00 | Crear | Unit 2626 |
| 14:00 | Crear | Unit 2626 |
| 14:06 | Crear | Villager (Male) |
| 14:13 | Investigar | Double-Bit Axe |
| 14:14 | Crear | Villager (Male) |
| 14:14 | Crear | Villager (Male) |
| 14:15 | Crear | Villager (Male) |
| 14:15 | Crear | Villager (Male) |
| 14:26 | Construir | House |
| 14:38 | Construir | Palisade Gate |
| 14:51 | Construir | Palisade Gate |
| 15:02 | Investigar | Town Watch |
| 15:05 | Crear | Unit 2626 |
| 15:05 | Crear | Unit 2626 |
| 15:18 | Construir | Blacksmith |
| 15:25 | Construir | House |
| 15:26 | Construir | House |
| 15:29 | Construir | Palisade Wall |
| 16:16 | Crear | Unit 2626 |
| 16:16 | Crear | Unit 2626 |
| 16:23 | Investigar | Fletching |
| 16:24 | Crear | Villager (Male) |
| 16:24 | Crear | Villager (Male) |
| 16:30 | Crear | Villager (Male) |
| 16:30 | Crear | Villager (Male) |
| 16:49 | Crear | Unit 2626 |
| 16:59 | Crear | Fishing Ship |
| 16:59 | Crear | Fishing Ship |
| 17:13 | Construir | Lumber Camp |
| 17:27 | Crear | Unit 2626 |
| 18:08 | Construir | Farm |
| 18:10 | Construir | Farm |
| 18:11 | Construir | Farm |
| 18:14 | Crear | Fishing Ship |
| 18:14 | Crear | Fishing Ship |
| 18:41 | Crear | Unit 2626 |
| 18:41 | Crear | Unit 2626 |
| 18:57 | Crear | Villager (Male) |
| 18:57 | Crear | Villager (Male) |
| 18:57 | Crear | Villager (Male) |
| 18:57 | Crear | Villager (Male) |
| 18:58 | Crear | Villager (Male) |
| 18:58 | Crear | Villager (Male) |
| 19:04 | Crear | Fishing Ship |
| 19:04 | Crear | Fishing Ship |
| 19:39 | Construir | House |
| 19:41 | Construir | House |
| 19:57 | Crear | Villager (Male) |
| 20:12 | Crear | Unit 2626 |
| 20:13 | Crear | Unit 2626 |
| 20:30 | Construir | Dock |
| 20:37 | Construir | Farm |
| 20:39 | Construir | Farm |
| 20:40 | Construir | Farm |
| 20:41 | Construir | Farm |
| 20:46 | Construir | House |
| 20:47 | Construir | House |
| 20:48 | Construir | House |
| 21:57 | Construir | Market |
| 22:01 | Crear | Unit 2626 |
| 22:02 | Crear | Unit 2626 |
| 23:14 | Investigar | Castle Age |
| 23:14 | Investigar | Castle Age |
| 23:17 | Construir | House |
| 23:20 | Construir | House |
| 23:37 | Investigar | Gold Mining |
| 23:54 | Investigar | Stone Mining |
| 25:01 | Construir | Dock |
| 25:11 | Investigar | Horse Collar |
| 25:54 | Edad | Edad de los Castillos |
| 25:59 | Construir | Town Center |
| 26:04 | Crear | Villager (Male) |
| 26:04 | Crear | Villager (Male) |
| 26:08 | Crear | Turtle Ship |
| 26:08 | Crear | Turtle Ship |
| 26:09 | Crear | Turtle Ship |
| 26:11 | Investigar | Bodkin Arrow |
| 26:28 | Crear | Turtle Ship |
| 26:28 | Crear | Turtle Ship |
| 26:50 | Crear | Turtle Ship |
| 26:50 | Crear | Turtle Ship |
| 27:20 | Construir | Castle |
| 27:27 | Crear | Villager (Male) |
| 27:27 | Crear | Villager (Male) |
| 27:27 | Crear | Villager (Male) |
| 27:27 | Crear | Villager (Male) |
| 27:29 | Crear | Villager (Male) |
| 27:29 | Crear | Villager (Male) |
| 27:29 | Crear | Villager (Male) |
| 27:29 | Crear | Villager (Male) |
| 27:30 | Crear | Villager (Male) |
| 27:30 | Crear | Villager (Male) |
| 27:56 | Construir | Town Center |
| 28:28 | Crear | Turtle Ship |
| 28:29 | Crear | Turtle Ship |
| 28:31 | Crear | Villager (Male) |
| 28:31 | Crear | Villager (Male) |
| 28:31 | Crear | Villager (Male) |
| 28:34 | Crear | Villager (Male) |
Build order — omnomnomnivore
Primeras 150 de 427 acciones detectadas
| 0:11 | Construir | Town Center |
| 0:24 | Construir | House |
| 1:47 | Construir | Dock |
| 2:43 | Investigar | Loom |
| 2:43 | Investigar | Loom |
| 2:44 | Crear | Villager (Male) |
| 2:44 | Crear | Villager (Male) |
| 2:44 | Crear | Villager (Male) |
| 2:54 | Construir | Palisade Wall |
| 3:10 | Crear | Villager (Male) |
| 3:10 | Crear | Villager (Male) |
| 4:26 | Crear | Fishing Ship |
| 4:33 | Crear | Villager (Male) |
| 4:56 | Crear | Villager (Male) |
| 4:56 | Crear | Villager (Male) |
| 4:57 | Construir | House |
| 5:30 | Crear | Villager (Male) |
| 5:31 | Crear | Villager (Male) |
| 5:51 | Crear | Villager (Male) |
| 5:51 | Crear | Villager (Male) |
| 6:15 | Crear | Villager (Male) |
| 6:17 | Crear | Fishing Ship |
| 6:27 | Construir | House |
| 6:51 | Crear | Villager (Male) |
| 7:10 | Crear | Villager (Male) |
| 7:10 | Crear | Villager (Male) |
| 7:36 | Construir | Palisade Wall |
| 7:38 | Construir | Palisade Wall |
| 7:39 | Construir | Palisade Wall |
| 7:43 | Crear | Villager (Male) |
| 7:43 | Crear | Villager (Male) |
| 7:53 | Crear | Villager (Male) |
| 8:19 | Crear | Villager (Male) |
| 8:22 | Crear | Fishing Ship |
| 8:23 | Construir | House |
| 8:41 | Crear | Villager (Male) |
| 8:48 | Construir | House |
| 8:48 | Crear | Fishing Ship |
| 9:05 | Crear | Villager (Male) |
| 9:30 | Crear | Villager (Male) |
| 9:58 | Crear | Villager (Male) |
| 10:01 | Construir | House |
| 10:19 | Crear | Villager (Male) |
| 10:42 | Construir | Settlement |
| 10:58 | Construir | Settlement |
| 11:09 | Crear | Villager (Male) |
| 11:16 | Crear | Villager (Male) |
| 11:36 | Crear | Villager (Male) |
| 11:41 | Investigar | Feudal Age |
| 11:41 | Investigar | Feudal Age |
| 12:16 | Crear | Villager (Male) |
| 12:33 | Construir | Dock |
| 13:01 | Crear | Villager (Male) |
| 13:17 | Crear | Fishing Ship |
| 13:20 | Crear | Fishing Ship |
| 13:20 | Crear | Fishing Ship |
| 13:51 | Edad | Edad Feudal |
| 13:54 | Crear | Unit 2626 |
| 13:55 | Crear | Unit 2626 |
| 14:04 | Investigar | Double-Bit Axe |
| 14:05 | Investigar | Double-Bit Axe |
| 14:16 | Crear | Villager (Male) |
| 14:50 | Crear | Unit 2626 |
| 14:50 | Crear | Unit 2626 |
| 14:53 | Construir | House |
| 14:54 | Construir | House |
| 14:55 | Construir | House |
| 14:55 | Construir | House |
| 15:00 | Crear | Villager (Male) |
| 15:29 | Crear | Galley |
| 15:29 | Crear | Galley |
| 15:37 | Construir | House |
| 15:39 | Crear | Villager (Male) |
| 15:40 | Crear | Villager (Male) |
| 16:09 | Construir | Dock |
| 16:54 | Crear | Fishing Ship |
| 16:55 | Crear | Fishing Ship |
| 16:58 | Construir | Dock |
| 17:07 | Crear | Villager (Male) |
| 17:07 | Crear | Villager (Male) |
| 17:10 | Construir | Blacksmith |
| 17:13 | Construir | Settlement |
| 17:29 | Crear | Unit 2626 ×2 |
| 17:58 | Crear | Galley |
| 17:58 | Crear | Galley |
| 17:59 | Crear | Galley |
| 17:59 | Crear | Galley |
| 18:00 | Crear | Villager (Male) |
| 18:01 | Crear | Villager (Male) |
| 18:02 | Investigar | Fletching |
| 18:02 | Investigar | Fletching |
| 18:21 | Construir | House |
| 18:22 | Construir | House |
| 18:26 | Investigar | Gold Mining |
| 18:35 | Construir | Settlement |
| 18:58 | Crear | Spearman |
| 18:58 | Crear | Spearman |
| 19:24 | Crear | Villager (Male) |
| 19:24 | Crear | Villager (Male) |
| 19:28 | Crear | Spearman |
| 19:29 | Crear | Spearman |
| 19:53 | Construir | House |
| 19:54 | Construir | House |
| 20:02 | Crear | Unit 2626 |
| 20:02 | Crear | Unit 2626 |
| 20:02 | Crear | Unit 2626 |
| 20:02 | Crear | Unit 2626 |
| 20:03 | Crear | Unit 2626 |
| 20:03 | Crear | Unit 2626 |
| 20:06 | Crear | Villager (Male) |
| 20:19 | Crear | Spearman |
| 20:19 | Crear | Spearman |
| 20:54 | Crear | Spearman |
| 20:54 | Crear | Spearman |
| 20:54 | Crear | Spearman |
| 21:19 | Crear | Spearman |
| 21:19 | Crear | Spearman |
| 21:19 | Crear | Spearman |
| 21:26 | Construir | Farm |
| 21:44 | Construir | House |
| 21:47 | Construir | House |
| 21:51 | Crear | Villager (Male) |
| 21:52 | Crear | Villager (Male) |
| 21:53 | Construir | Farm |
| 21:54 | Construir | Farm |
| 22:03 | Crear | Skirmisher |
| 22:08 | Crear | Spearman |
| 22:08 | Crear | Spearman |
| 22:08 | Crear | Spearman |
| 22:26 | Construir | Dock |
| 22:35 | Crear | Fishing Ship ×2 |
| 22:38 | Construir | House |
| 22:46 | Crear | Villager (Male) |
| 22:46 | Crear | Villager (Male) |
| 23:02 | Crear | Villager (Male) |
| 23:33 | Crear | Fire Galley |
| 23:33 | Crear | Fire Galley |
| 23:34 | Crear | Fire Galley |
| 24:12 | Crear | Fire Galley |
| 24:12 | Crear | Fire Galley |
| 24:12 | Crear | Fire Galley |
| 24:21 | Crear | Villager (Male) |
| 24:21 | Crear | Villager (Male) |
| 24:33 | Investigar | Horse Collar |
| 24:36 | Construir | Farm |
| 24:45 | Crear | Villager (Male) |
| 25:05 | Crear | Fire Galley |
| 25:09 | Construir | Farm |
| 25:32 | Construir | Market |
| 25:36 | Crear | Villager (Male) |
Build order — 人生😈百态
Primeras 150 de 344 acciones detectadas
| 0:10 | Construir | Town Center |
| 2:05 | Construir | House |
| 2:38 | Construir | Dock |
| 2:39 | Crear | Villager (Male) |
| 2:42 | Crear | Villager (Male) |
| 2:43 | Crear | Villager (Male) |
| 2:43 | Crear | Villager (Male) |
| 3:54 | Crear | Fishing Ship |
| 3:55 | Crear | Fishing Ship |
| 4:20 | Construir | House |
| 4:23 | Investigar | Loom |
| 4:23 | Investigar | Loom |
| 4:28 | Crear | Villager (Male) |
| 4:29 | Crear | Villager (Male) |
| 4:43 | Construir | Palisade Wall |
| 5:04 | Crear | Fishing Ship |
| 5:23 | Crear | Villager (Male) |
| 5:23 | Crear | Villager (Male) |
| 5:47 | Crear | Fishing Ship |
| 5:51 | Crear | Villager (Male) |
| 5:51 | Crear | Villager (Male) |
| 6:24 | Crear | Villager (Male) |
| 6:35 | Construir | House |
| 6:49 | Construir | House |
| 6:57 | Crear | Villager (Male) |
| 6:57 | Crear | Villager (Male) |
| 7:02 | Crear | Fishing Ship |
| 7:06 | Crear | Villager (Male) |
| 7:07 | Crear | Villager (Male) |
| 7:23 | Crear | Villager (Male) |
| 7:23 | Crear | Villager (Male) |
| 7:52 | Crear | Villager (Male) |
| 8:01 | Construir | House |
| 8:13 | Crear | Villager (Male) |
| 8:17 | Crear | Fishing Ship |
| 8:41 | Crear | Villager (Male) |
| 8:51 | Construir | House |
| 8:53 | Construir | House |
| 8:58 | Crear | Fishing Ship |
| 9:14 | Crear | Villager (Male) |
| 9:29 | Crear | Villager (Male) |
| 9:30 | Crear | Villager (Male) |
| 9:37 | Crear | Fishing Ship |
| 9:52 | Construir | House |
| 9:53 | Construir | Palisade Wall |
| 9:58 | Crear | Villager (Male) |
| 10:18 | Crear | Villager (Male) |
| 10:22 | Construir | Mining Camp |
| 10:39 | Crear | Villager (Male) |
| 10:55 | Crear | Villager (Male) |
| 11:05 | Construir | House |
| 11:11 | Investigar | Feudal Age |
| 11:11 | Investigar | Feudal Age |
| 11:12 | Investigar | Feudal Age |
| 11:38 | Construir | Lumber Camp |
| 11:56 | Construir | Palisade Wall |
| 12:01 | Construir | Palisade Gate |
| 12:54 | Construir | Mill |
| 13:19 | Crear | Villager (Male) |
| 13:21 | Edad | Edad Feudal |
| 13:27 | Construir | Blacksmith |
| 13:30 | Crear | Villager (Male) |
| 13:39 | Construir | House |
| 14:06 | Crear | Villager (Male) |
| 14:13 | Construir | Market |
| 14:20 | Crear | Villager (Male) |
| 14:23 | Construir | House |
| 14:45 | Construir | Gate |
| 14:47 | Construir | Stone Wall |
| 14:49 | Construir | Palisade Wall |
| 14:50 | Construir | Stone Wall |
| 14:52 | Construir | Stone Wall |
| 14:56 | Crear | Villager (Male) |
| 14:58 | Construir | House |
| 15:08 | Investigar | Castle Age |
| 15:08 | Investigar | Castle Age |
| 15:08 | Investigar | Castle Age |
| 15:18 | Investigar | Double-Bit Axe |
| 15:18 | Investigar | Double-Bit Axe |
| 15:40 | Construir | Dock |
| 16:17 | Construir | Mining Camp |
| 16:26 | Construir | House |
| 16:27 | Crear | Unit 2626 |
| 16:44 | Construir | House |
| 16:49 | Construir | Palisade Wall |
| 16:50 | Construir | Palisade Wall |
| 16:59 | Crear | Unit 2626 |
| 17:18 | Construir | Mill |
| 17:46 | Crear | Unit 2626 |
| 17:48 | Crear | Villager (Male) |
| 17:50 | Edad | Edad de los Castillos |
| 18:12 | Crear | Villager (Male) |
| 18:14 | Investigar | Bow Saw |
| 18:15 | Investigar | Bow Saw |
| 18:15 | Investigar | Bow Saw |
| 18:37 | Crear | Villager (Male) |
| 18:52 | Construir | Palisade Wall |
| 18:53 | Construir | Palisade Wall |
| 18:57 | Crear | Villager (Male) |
| 19:11 | Construir | Town Center |
| 19:20 | Crear | Villager (Male) |
| 19:37 | Crear | Fishing Ship |
| 19:39 | Crear | Villager (Male) |
| 19:57 | Crear | Villager (Male) |
| 20:15 | Construir | House |
| 20:30 | Crear | Demolition Raft |
| 20:39 | Crear | Demolition Raft |
| 20:47 | Crear | Villager (Male) |
| 20:53 | Construir | Town Center |
| 21:04 | Crear | Villager (Male) |
| 21:09 | Construir | Barracks |
| 21:23 | Crear | Villager (Male) |
| 21:24 | Crear | Villager (Male) |
| 21:58 | Crear | Villager (Male) |
| 22:10 | Construir | Town Center |
| 22:21 | Construir | Stable |
| 22:25 | Construir | Town Center |
| 22:33 | Investigar | Forging |
| 22:49 | Crear | Camel Scout |
| 22:49 | Crear | Camel Scout |
| 22:51 | Construir | Stable |
| 22:58 | Crear | Villager (Male) |
| 23:01 | Construir | Farm |
| 23:14 | Crear | Camel Scout |
| 23:14 | Crear | Camel Scout |
| 23:26 | Construir | Town Center |
| 23:28 | Crear | Camel Scout |
| 23:29 | Crear | Camel Scout |
| 23:42 | Construir | Farm |
| 23:43 | Construir | Farm |
| 24:35 | Construir | Farm |
| 24:46 | Crear | Villager (Male) |
| 24:51 | Construir | Lumber Camp |
| 25:06 | Crear | Camel Scout |
| 25:06 | Crear | Camel Scout |
| 25:07 | Crear | Camel Scout |
| 25:16 | Crear | Villager (Male) |
| 25:28 | Crear | Villager (Male) |
| 25:37 | Construir | House |
| 26:02 | Investigar | Husbandry |
| 26:02 | Investigar | Husbandry |
| 26:13 | Construir | Farm |
| 26:15 | Construir | Farm |
| 26:18 | Construir | Farm |
| 26:22 | Construir | Farm |
| 27:01 | Crear | Camel Scout |
| 27:01 | Crear | Camel Scout |
| 27:01 | Crear | Camel Scout |
| 27:02 | Crear | Camel Scout |
| 27:06 | Construir | Farm |
Build order — 快樂987
Primeras 150 de 713 acciones detectadas
| 0:08 | Construir | Town Center |
| 1:05 | Construir | Dock |
| 1:07 | Construir | House |
| 2:41 | Crear | Villager (Male) |
| 2:41 | Crear | Villager (Male) |
| 2:42 | Crear | Villager (Male) |
| 2:42 | Crear | Villager (Male) |
| 2:42 | Crear | Villager (Male) |
| 2:42 | Crear | Villager (Male) |
| 3:48 | Crear | Fishing Ship |
| 3:53 | Construir | House |
| 4:38 | Crear | Villager (Male) |
| 5:09 | Crear | Villager (Male) |
| 5:19 | Crear | Fishing Ship |
| 5:23 | Crear | Fishing Ship |
| 5:35 | Crear | Villager (Male) |
| 5:43 | Construir | House |
| 5:52 | Crear | Villager (Male) |
| 6:19 | Crear | Villager (Male) |
| 6:27 | Construir | House |
| 6:35 | Crear | Villager (Male) |
| 7:05 | Crear | Villager (Male) |
| 7:06 | Crear | Fishing Ship |
| 7:10 | Construir | House |
| 7:26 | Crear | Villager (Male) |
| 7:44 | Crear | Villager (Male) |
| 7:46 | Crear | Fishing Ship |
| 7:46 | Crear | Fishing Ship |
| 7:56 | Construir | House |
| 8:06 | Crear | Villager (Male) |
| 8:18 | Crear | Fishing Ship |
| 8:20 | Crear | Villager (Male) |
| 8:44 | Investigar | Loom |
| 8:50 | Crear | Villager (Male) |
| 8:55 | Crear | Fishing Ship |
| 9:20 | Crear | Villager (Male) |
| 9:24 | Crear | Fishing Ship |
| 9:38 | Crear | Villager (Male) |
| 9:38 | Crear | Villager (Male) |
| 9:39 | Crear | Fishing Ship |
| 10:08 | Construir | House |
| 10:16 | Crear | Villager (Male) |
| 10:26 | Construir | House |
| 10:37 | Crear | Villager (Male) |
| 10:53 | Crear | Fishing Ship |
| 10:58 | Construir | Dock |
| 11:37 | Crear | Villager (Male) |
| 11:40 | Construir | Lumber Camp |
| 11:57 | Construir | Mining Camp |
| 11:59 | Investigar | Feudal Age |
| 12:45 | Construir | House |
| 13:22 | Construir | Barracks |
| 13:38 | Crear | Villager (Male) |
| 13:39 | Crear | Villager (Male) |
| 14:05 | Edad | Edad Feudal |
| 14:13 | Construir | Blacksmith |
| 14:35 | Construir | Stable |
| 14:36 | Crear | Villager (Male) |
| 14:40 | Investigar | Double-Bit Axe |
| 15:01 | Investigar | Tech 906 |
| 15:08 | Construir | House |
| 15:13 | Construir | House |
| 15:29 | Investigar | Castle Age |
| 15:29 | Investigar | Castle Age |
| 15:37 | Construir | Palisade Gate |
| 15:42 | Investigar | Gold Mining |
| 15:57 | Investigar | Scale Barding Armor |
| 16:00 | Investigar | Bloodlines |
| 16:03 | Crear | Scout Cavalry |
| 16:17 | Construir | Stable |
| 16:20 | Construir | Stable |
| 16:23 | Construir | House |
| 16:25 | Construir | House |
| 16:32 | Construir | House |
| 16:52 | Crear | Unit 2626 |
| 16:55 | Crear | Unit 2626 |
| 16:59 | Crear | Villager (Male) |
| 17:17 | Crear | Scout Cavalry |
| 17:32 | Construir | House |
| 17:34 | Construir | House |
| 17:37 | Construir | House |
| 17:38 | Construir | House |
| 17:43 | Crear | Villager (Male) |
| 17:54 | Crear | Unit 2626 |
| 17:55 | Edad | Edad de los Castillos |
| 18:12 | Crear | Knight |
| 18:12 | Crear | Knight |
| 18:13 | Crear | Villager (Male) |
| 18:28 | Crear | Unit 2626 |
| 18:29 | Crear | Knight |
| 18:30 | Crear | Villager (Male) |
| 18:33 | Investigar | Bow Saw |
| 18:36 | Construir | House |
| 19:04 | Construir | Mill |
| 19:07 | Crear | Knight |
| 19:07 | Crear | Knight |
| 19:16 | Crear | Villager (Male) |
| 19:22 | Construir | Dock |
| 19:41 | Crear | Knight |
| 19:56 | Construir | House |
| 19:57 | Crear | Villager (Male) |
| 20:02 | Construir | Farm |
| 20:03 | Construir | Farm |
| 20:04 | Construir | Farm |
| 20:05 | Construir | Farm |
| 20:13 | Crear | Knight |
| 20:14 | Crear | Knight |
| 20:43 | Crear | Knight |
| 20:43 | Crear | Knight |
| 20:53 | Construir | Stable |
| 20:57 | Crear | Knight |
| 20:57 | Crear | Knight |
| 21:02 | Construir | Farm |
| 21:03 | Construir | Farm |
| 21:04 | Construir | Farm |
| 21:05 | Crear | Villager (Male) |
| 21:19 | Crear | Knight |
| 21:19 | Crear | Knight |
| 21:23 | Construir | Siege Workshop |
| 22:00 | Crear | Villager (Male) |
| 22:01 | Crear | Villager (Male) |
| 22:04 | Crear | Villager (Male) |
| 22:09 | Construir | Farm |
| 22:10 | Construir | Farm |
| 22:11 | Construir | Farm |
| 22:18 | Crear | Villager (Male) |
| 22:38 | Crear | Battering Ram |
| 22:40 | Construir | House |
| 22:55 | Crear | Knight |
| 22:57 | Crear | Knight |
| 22:59 | Construir | Farm |
| 23:18 | Crear | Battering Ram |
| 23:55 | Construir | Monastery |
| 24:37 | Crear | Knight |
| 24:37 | Crear | Knight |
| 24:37 | Crear | Knight |
| 24:38 | Crear | Villager (Male) |
| 24:40 | Crear | Spearman |
| 24:40 | Crear | Spearman |
| 24:42 | Construir | House |
| 24:43 | Crear | Villager (Male) |
| 24:43 | Crear | Villager (Male) |
| 24:57 | Crear | Monk |
| 25:06 | Crear | Knight |
| 25:06 | Crear | Knight |
| 25:08 | Crear | Spearman |
| 25:08 | Crear | Spearman |
| 25:09 | Crear | Villager (Male) |
| 25:22 | Crear | Knight |
| 25:22 | Crear | Knight |
Build order — jimmy
Primeras 150 de 395 acciones detectadas
| 0:16 | Construir | Town Center |
| 0:38 | Construir | Dock |
| 2:31 | Construir | House |
| 2:36 | Crear | Villager (Male) |
| 2:36 | Crear | Villager (Male) |
| 2:36 | Crear | Villager (Male) |
| 2:37 | Crear | Villager (Male) |
| 2:38 | Investigar | Loom |
| 3:47 | Crear | Villager (Male) |
| 3:47 | Crear | Villager (Male) |
| 4:33 | Crear | Fishing Ship |
| 4:36 | Construir | House |
| 5:17 | Crear | Fishing Ship |
| 5:21 | Crear | Villager (Male) |
| 5:21 | Crear | Villager (Male) |
| 5:56 | Crear | Villager (Male) |
| 5:56 | Crear | Villager (Male) |
| 6:24 | Crear | Fishing Ship |
| 6:28 | Crear | Villager (Male) |
| 6:36 | Crear | Villager (Male) |
| 6:38 | Construir | House |
| 7:23 | Crear | Fishing Ship |
| 7:36 | Crear | Villager (Male) |
| 7:36 | Crear | Villager (Male) |
| 7:36 | Crear | Villager (Male) |
| 7:36 | Crear | Villager (Male) |
| 7:58 | Crear | Villager (Male) |
| 7:59 | Crear | Villager (Male) |
| 8:00 | Crear | Fishing Ship |
| 8:14 | Construir | House |
| 8:30 | Crear | Villager (Male) |
| 8:30 | Crear | Villager (Male) |
| 8:30 | Crear | Villager (Male) |
| 9:06 | Crear | Villager (Male) |
| 9:07 | Crear | Villager (Male) |
| 9:55 | Construir | House |
| 9:59 | Crear | Fishing Ship |
| 10:30 | Construir | Lumber Camp |
| 10:46 | Crear | Fishing Ship |
| 11:04 | Crear | Villager (Male) |
| 12:04 | Construir | Mining Camp |
| 12:06 | Investigar | Feudal Age |
| 12:17 | Construir | House |
| 13:11 | Construir | Dock |
| 13:53 | Construir | House |
| 14:16 | Edad | Edad Feudal |
| 14:19 | Crear | Unit 2626 |
| 14:22 | Crear | Villager (Male) |
| 14:23 | Investigar | Double-Bit Axe |
| 14:28 | Construir | Mill |
| 14:47 | Construir | Mill |
| 15:00 | Crear | Villager (Male) |
| 15:08 | Crear | Unit 2626 |
| 15:09 | Crear | Unit 2626 |
| 15:11 | Crear | Villager (Male) |
| 15:11 | Crear | Villager (Male) |
| 15:47 | Crear | Villager (Male) |
| 15:53 | Construir | House |
| 16:08 | Crear | Fire Galley |
| 16:25 | Crear | Unit 2626 |
| 16:34 | Crear | Unit 2626 |
| 16:34 | Crear | Unit 2626 |
| 16:49 | Crear | Villager (Male) |
| 16:49 | Crear | Villager (Male) |
| 17:01 | Construir | Dock |
| 17:26 | Investigar | Town Watch |
| 17:49 | Construir | Blacksmith |
| 18:10 | Crear | Villager (Male) |
| 18:10 | Crear | Villager (Male) |
| 18:33 | Construir | Market |
| 18:55 | Construir | House |
| 19:05 | Investigar | Castle Age |
| 19:11 | Construir | Stone Wall |
| 19:24 | Construir | Stone Wall |
| 19:33 | Construir | House |
| 19:45 | Construir | Stone Wall |
| 20:15 | Crear | Unit 2626 ×4 |
| 20:27 | Construir | House |
| 20:44 | Construir | Mining Camp |
| 21:45 | Edad | Edad de los Castillos |
| 21:48 | Investigar | War Galley (upgrade) |
| 22:11 | Crear | Villager (Male) |
| 22:11 | Crear | Villager (Male) |
| 22:11 | Crear | Villager (Male) |
| 22:11 | Crear | Villager (Male) |
| 22:16 | Construir | House |
| 22:37 | Construir | Town Center |
| 22:44 | Crear | Villager (Male) |
| 22:44 | Crear | Villager (Male) |
| 22:58 | Construir | House |
| 23:05 | Investigar | Bow Saw |
| 23:19 | Crear | Villager (Male) |
| 23:19 | Crear | Villager (Male) |
| 23:43 | Crear | Fire Galley |
| 23:43 | Crear | Fire Galley |
| 23:48 | Crear | Villager (Male) |
| 23:48 | Crear | Villager (Male) |
| 23:48 | Crear | Villager (Male) |
| 23:48 | Crear | Villager (Male) |
| 23:56 | Crear | Villager (Male) |
| 24:02 | Investigar | Stone Mining |
| 24:30 | Crear | Villager (Male) |
| 24:31 | Crear | Villager (Male) |
| 24:36 | Crear | Unit 2626 ×5 |
| 25:05 | Crear | Villager (Male) |
| 25:05 | Crear | Villager (Male) |
| 25:50 | Construir | Dock |
| 26:03 | Crear | Fishing Ship ×5 |
| 26:15 | Crear | Villager (Male) |
| 26:15 | Crear | Villager (Male) |
| 26:21 | Construir | Castle |
| 26:27 | Construir | Mill |
| 26:32 | Construir | Lumber Camp |
| 26:45 | Crear | Villager (Male) |
| 26:46 | Crear | Villager (Male) |
| 26:48 | Construir | House |
| 26:48 | Construir | House |
| 26:54 | Construir | University |
| 27:04 | Crear | Villager (Male) |
| 27:13 | Construir | House |
| 27:14 | Construir | House |
| 27:15 | Construir | House |
| 27:28 | Crear | Villager (Male) |
| 27:28 | Crear | Villager (Male) |
| 27:29 | Crear | Villager (Male) |
| 27:31 | Construir | Mill |
| 27:37 | Crear | Genoese Crossbowman |
| 27:40 | Crear | Villager (Male) |
| 27:40 | Crear | Villager (Male) |
| 27:40 | Crear | Villager (Male) |
| 27:57 | Investigar | Wheelbarrow |
| 28:07 | Investigar | Fletching |
| 28:07 | Investigar | Padded Archer Armor |
| 28:12 | Crear | Genoese Crossbowman |
| 28:12 | Crear | Genoese Crossbowman |
| 28:13 | Crear | Genoese Crossbowman |
| 28:13 | Crear | Genoese Crossbowman |
| 28:13 | Crear | Genoese Crossbowman |
| 28:13 | Crear | Genoese Crossbowman |
| 28:24 | Construir | Gate |
| 28:45 | Construir | Dock |
| 28:53 | Crear | Genoese Crossbowman |
| 28:53 | Crear | Genoese Crossbowman |
| 29:00 | Investigar | Bodkin Arrow |
| 29:01 | Investigar | Padded Archer Armor |
| 29:04 | Crear | Villager (Male) |
| 29:04 | Crear | Villager (Male) |
| 29:04 | Crear | Villager (Male) |
| 29:22 | Construir | Outpost |
| 29:26 | Investigar | Gold Mining |
Build order — Sein
Primeras 150 de 444 acciones detectadas
| 0:19 | Construir | Town Center |
| 1:21 | Construir | Dock |
| 1:23 | Construir | House |
| 2:39 | Crear | Villager (Male) |
| 2:39 | Crear | Villager (Male) |
| 2:39 | Crear | Villager (Male) |
| 2:51 | Crear | Villager (Male) |
| 3:53 | Crear | Fishing Ship |
| 4:11 | Construir | House |
| 4:15 | Investigar | Loom |
| 4:28 | Construir | House |
| 5:04 | Crear | Villager (Male) |
| 5:05 | Crear | Villager (Male) |
| 5:25 | Crear | Villager (Male) |
| 5:25 | Crear | Villager (Male) |
| 5:52 | Crear | Villager (Male) |
| 5:53 | Crear | Villager (Male) |
| 5:54 | Crear | Fishing Ship |
| 6:16 | Crear | Villager (Male) |
| 6:16 | Crear | Villager (Male) |
| 6:41 | Crear | Villager (Male) |
| 6:41 | Crear | Villager (Male) |
| 6:46 | Crear | Fishing Ship |
| 6:57 | Construir | House |
| 7:09 | Crear | Villager (Male) |
| 7:09 | Crear | Villager (Male) |
| 7:30 | Crear | Villager (Male) |
| 7:30 | Crear | Villager (Male) |
| 7:48 | Crear | Fishing Ship |
| 7:58 | Crear | Villager (Male) |
| 7:58 | Crear | Villager (Male) |
| 8:14 | Construir | House |
| 8:44 | Crear | Villager (Male) |
| 8:44 | Crear | Villager (Male) |
| 8:45 | Crear | Fishing Ship |
| 8:59 | Construir | House |
| 9:10 | Crear | Villager (Male) |
| 9:10 | Crear | Villager (Male) |
| 9:20 | Crear | Villager (Male) |
| 9:20 | Crear | Villager (Male) |
| 9:36 | Construir | Palisade Wall |
| 9:42 | Construir | Palisade Wall |
| 10:06 | Construir | Lumber Camp |
| 10:10 | Crear | Villager (Male) |
| 10:48 | Crear | Villager (Male) |
| 10:52 | Construir | Palisade Wall |
| 11:21 | Investigar | Feudal Age |
| 11:36 | Construir | Dock |
| 11:41 | Construir | House |
| 12:30 | Construir | Palisade Wall |
| 12:51 | Construir | House |
| 12:55 | Construir | Palisade Wall |
| 13:01 | Construir | Palisade Wall |
| 13:01 | Construir | Palisade Wall |
| 13:31 | Edad | Edad Feudal |
| 13:34 | Crear | Unit 2626 |
| 13:35 | Crear | Villager (Male) |
| 13:36 | Crear | Villager (Male) |
| 13:37 | Crear | Unit 2626 |
| 13:37 | Crear | Unit 2626 |
| 13:42 | Construir | House |
| 13:58 | Construir | Blacksmith |
| 14:03 | Investigar | Double-Bit Axe |
| 14:18 | Crear | Unit 2626 |
| 14:37 | Crear | Villager (Male) |
| 14:52 | Crear | Unit 2626 |
| 14:57 | Construir | House |
| 14:59 | Crear | Villager (Male) |
| 15:22 | Crear | Unit 2626 |
| 15:37 | Crear | Demolition Raft |
| 15:40 | Crear | Villager (Male) |
| 15:41 | Crear | Unit 2626 |
| 15:42 | Crear | Villager (Male) |
| 16:00 | Crear | Villager (Male) |
| 16:06 | Crear | Villager (Male) |
| 16:13 | Crear | Villager (Male) |
| 16:18 | Construir | Mill |
| 16:23 | Crear | Fire Galley |
| 16:38 | Crear | Villager (Male) |
| 16:47 | Crear | Villager (Male) |
| 16:52 | Crear | Villager (Male) |
| 17:07 | Crear | Unit 2626 |
| 17:25 | Crear | Villager (Male) |
| 17:29 | Construir | Market |
| 18:09 | Crear | Villager (Male) |
| 18:21 | Construir | House |
| 18:35 | Construir | Farm |
| 18:36 | Construir | Farm |
| 18:36 | Construir | Farm |
| 18:36 | Construir | Farm |
| 18:36 | Construir | Farm |
| 18:39 | Investigar | Horse Collar |
| 19:05 | Crear | Villager (Male) |
| 19:07 | Construir | House |
| 19:15 | Crear | Villager (Male) |
| 19:27 | Construir | Palisade Wall |
| 19:30 | Construir | Farm |
| 19:39 | Construir | House |
| 19:42 | Crear | Villager (Male) |
| 19:53 | Crear | Villager (Male) |
| 20:16 | Investigar | Castle Age |
| 20:17 | Investigar | Castle Age |
| 20:27 | Construir | Mining Camp |
| 20:35 | Crear | Demolition Raft |
| 20:35 | Crear | Demolition Raft |
| 20:40 | Crear | Galley |
| 20:41 | Crear | Galley |
| 20:46 | Construir | House |
| 20:59 | Construir | House |
| 21:35 | Crear | Fire Galley |
| 21:41 | Construir | Gate |
| 21:58 | Construir | Farm |
| 21:59 | Construir | Farm |
| 21:59 | Construir | Farm |
| 21:59 | Construir | Farm |
| 22:01 | Crear | Villager (Male) |
| 22:04 | Construir | Outpost |
| 22:24 | Crear | Galley |
| 22:27 | Investigar | Fletching |
| 22:34 | Construir | Dock |
| 22:36 | Crear | Villager (Male) |
| 22:49 | Construir | Farm |
| 22:56 | Edad | Edad de los Castillos |
| 23:07 | Investigar | Bodkin Arrow |
| 23:08 | Crear | Villager (Male) |
| 23:12 | Crear | Fire Galley |
| 23:17 | Crear | Galley |
| 23:24 | Construir | House |
| 23:29 | Investigar | Bow Saw |
| 23:44 | Crear | Fire Galley |
| 23:45 | Crear | Fire Galley |
| 23:50 | Crear | Galley |
| 23:50 | Crear | Galley |
| 24:14 | Crear | Villager (Male) |
| 24:25 | Crear | Galley |
| 24:26 | Crear | Galley |
| 24:42 | Crear | Villager (Male) |
| 24:48 | Construir | University |
| 25:01 | Crear | Galley |
| 25:01 | Crear | Galley |
| 25:03 | Crear | Villager (Male) |
| 25:21 | Crear | Galley |
| 25:21 | Crear | Galley |
| 25:25 | Crear | Villager (Male) |
| 25:37 | Investigar | War Galley (upgrade) |
| 25:45 | Crear | Villager (Male) |
| 25:59 | Investigar | Ballistics |
| 26:11 | Crear | Galley |
| 26:11 | Crear | Galley |
| 26:15 | Crear | Villager (Male) |
Cronología de la partida
| 0:38 | jimmy · first_building Dock |
| 0:49 | 快樂 543 · first_building Dock |
| 0:50 | 把星星装进兜里 · wall_segment Palisade Wall x1 |
| 0:53 | 把星星装进兜里 · wall_segment Palisade Wall x1 |
| 0:57 | 把星星装进兜里 · wall_segment Palisade Wall x1 |
| 1:03 | iKonnik · first_building Dock |
| 1:05 | 快樂987 · first_building Dock |
| 1:11 | 把星星装进兜里 · first_building Dock |
| 1:21 | Sein · first_building Dock |
| 1:47 | omnomnomnivore · first_building Dock |
| 2:38 | 人生😈百态 · first_building Dock |
| 2:54 | omnomnomnivore · wall_segment Palisade Wall x1 |
| 3:55 | 把星星装进兜里 · wall_segment Palisade Wall x1 |
| 3:57 | 把星星装进兜里 · wall_segment Palisade Wall x1 |
| 4:02 | 把星星装进兜里 · wall_segment Palisade Wall x1 |
| 4:43 | 人生😈百态 · wall_segment Palisade Wall x1 |
| 6:59 | 把星星装进兜里 · wall_segment Palisade Wall x2 |
| 7:36 | omnomnomnivore · wall_segment Palisade Wall x1 |
| 7:38 | omnomnomnivore · wall_segment Palisade Wall x1 |
| 7:39 | omnomnomnivore · wall_segment Palisade Wall x1 |
| 7:52 | 把星星装进兜里 · wall_segment Palisade Wall x4 |
| 9:16 | 把星星装进兜里 · wall_segment Palisade Wall x6 |
| 9:36 | Sein · wall_segment Palisade Wall x3 |
| 9:42 | Sein · wall_segment Palisade Wall x3 |
| 9:53 | 人生😈百态 · wall_segment Palisade Wall x1 |
| 10:52 | Sein · wall_segment Palisade Wall x6 |
| 11:47 | iKonnik · first_building Barracks |
| 11:56 | 人生😈百态 · wall_segment Palisade Wall x11 |
| 12:03 | 把星星装进兜里 · wall_segment Palisade Wall x10 |
| 12:30 | Sein · wall_segment Palisade Wall x9 |
| 12:48 | iKonnik · age_up feudal |
| 12:55 | Sein · wall_segment Palisade Wall x5 |
| 13:01 | Sein · wall_segment Palisade Wall x1 |
| 13:01 | Sein · wall_segment Palisade Wall x1 |
| 13:21 | 人生😈百态 · age_up feudal |
| 13:22 | 快樂987 · first_building Barracks |
| 13:31 | Sein · age_up feudal |
| 13:43 | 快樂 543 · age_up feudal |
| 13:47 | 把星星装进兜里 · wall_segment Palisade Wall x18 |
| 13:51 | omnomnomnivore · age_up feudal |
| 14:05 | 快樂987 · age_up feudal |
| 14:16 | jimmy · age_up feudal |
| 14:35 | 快樂987 · first_building Stable |
| 14:39 | 把星星装进兜里 · age_up feudal |
| 14:46 | 把星星装进兜里 · wall_segment Stone Wall x1 |
| 14:47 | 人生😈百态 · wall_segment Stone Wall x1 |
| 14:47 | 把星星装进兜里 · wall_segment Stone Wall x3 |
| 14:49 | 人生😈百态 · wall_segment Palisade Wall x1 |
| 14:50 | 人生😈百态 · wall_segment Stone Wall x1 |
| 14:52 | 人生😈百态 · wall_segment Stone Wall x1 |
| 15:29 | 快樂 543 · wall_segment Palisade Wall x1 |
| 16:49 | 人生😈百态 · wall_segment Palisade Wall x1 |
| 16:50 | 人生😈百态 · wall_segment Palisade Wall x1 |
| 17:50 | 人生😈百态 · age_up castle |
| 17:55 | 快樂987 · age_up castle |
| 18:52 | 人生😈百态 · wall_segment Palisade Wall x1 |
| 18:53 | 人生😈百态 · wall_segment Palisade Wall x1 |
| 19:11 | jimmy · wall_segment Stone Wall x2 |
| 19:21 | 把星星装进兜里 · wall_segment Stone Wall x1 |
| 19:23 | 把星星装进兜里 · wall_segment Stone Wall x1 |
| 19:24 | jimmy · wall_segment Stone Wall x11 |
| 19:25 | 把星星装进兜里 · wall_segment Stone Wall x1 |
| 19:27 | Sein · wall_segment Palisade Wall x1 |
| 19:30 | 把星星装进兜里 · age_up castle |
| 19:45 | 把星星装进兜里 · first_market_sell 100 wood |
| 19:45 | jimmy · wall_segment Stone Wall x1 |
| 20:02 | Sein · first_market_sell 100 wood |
| 20:05 | Sein · first_market_buy 100 food |
| 20:52 | iKonnik · first_market_buy 100 food |
| 20:53 | iKonnik · first_market_sell 100 wood |
| 21:09 | 人生😈百态 · first_building Barracks |
| 21:11 | iKonnik · wall_segment Palisade Wall x1 |
| 21:12 | iKonnik · wall_segment Palisade Wall x1 |
| 21:13 | iKonnik · wall_segment Palisade Wall x1 |
| 21:13 | iKonnik · wall_segment Palisade Wall x1 |
| 21:15 | iKonnik · wall_segment Palisade Wall x1 |
| 21:16 | iKonnik · wall_segment Palisade Wall x1 |
| 21:17 | iKonnik · wall_segment Palisade Wall x1 |
| 21:17 | iKonnik · wall_segment Palisade Wall x1 |
| 21:19 | iKonnik · wall_segment Palisade Wall x1 |
| 21:19 | iKonnik · wall_segment Palisade Wall x1 |
| 21:20 | iKonnik · wall_segment Palisade Wall x1 |
| 21:21 | iKonnik · wall_segment Palisade Wall x1 |
| 21:23 | iKonnik · wall_segment Palisade Wall x1 |
| 21:23 | 快樂987 · first_building Siege Workshop |
| 21:45 | jimmy · age_up castle |
| 22:13 | iKonnik · wall_segment Palisade Wall x1 |
| 22:21 | 人生😈百态 · first_building Stable |
| 22:56 | Sein · age_up castle |
| 23:39 | iKonnik · age_up castle |
| 23:55 | 快樂987 · first_building Monastery |
| 24:44 | iKonnik · first_building Siege Workshop |
| 25:03 | 人生😈百态 · first_market_sell 100 stone |
| 25:04 | 人生😈百态 · first_market_buy 100 food |
| 25:06 | 把星星装进兜里 · first_market_buy 100 food |
| 25:16 | jimmy · first_market_buy 100 stone |
| 25:54 | 快樂 543 · age_up castle |
| 26:21 | jimmy · first_building Castle |
| 27:12 | 快樂 543 · first_market_buy 100 wood |
| 27:20 | 快樂 543 · first_building Castle |
| 27:49 | omnomnomnivore · first_building Barracks |
| 28:00 | 人生😈百态 · first_building Monastery |
| 28:25 | Sein · first_building Castle |
| 30:10 | omnomnomnivore · age_up castle |
| 31:26 | 快樂 543 · tribute_sent a jugador 1 |
| 31:26 | 快樂 543 · tribute_sent a jugador 3 |
| 31:26 | 快樂 543 · tribute_sent a jugador 4 |
| 31:26 | 快樂 543 · tribute_sent a jugador 5 |
| 31:26 | 快樂 543 · tribute_sent a jugador 6 |
| 31:26 | 快樂 543 · tribute_sent a jugador 7 |
| 31:26 | 快樂 543 · tribute_sent a jugador 8 |
| 31:35 | 把星星装进兜里 · first_building Castle |
| 31:57 | omnomnomnivore · first_market_sell 500 food |
| 32:11 | 人生😈百态 · first_building Castle |
| 32:46 | 快樂987 · first_market_buy 100 food |
| 33:50 | iKonnik · first_building Castle |
| 35:08 | omnomnomnivore · first_building Monastery |
| 35:13 | jimmy · first_market_sell 100 wood |
| 36:14 | omnomnomnivore · first_building Archery Range |
| 37:45 | 快樂 543 · age_up imperial |
| 38:52 | jimmy · age_up imperial |
| 39:24 | 快樂 543 · first_building Siege Workshop |
| 39:41 | Sein · age_up imperial |
| 42:30 | 快樂 543 · first_building Barracks |
| 43:08 | 快樂 543 · first_building Archery Range |
| 43:49 | iKonnik · first_building Stable |
| 44:21 | 快樂987 · age_up imperial |
| 44:42 | 快樂987 · first_market_sell 100 food |
| 45:09 | iKonnik · age_up imperial |
| 45:23 | Sein · first_building Barracks |
| 47:05 | 快樂987 · first_building Castle |
| 48:52 | Sein · first_building Stable |
| 50:08 | Sein · first_building Archery Range |
| 51:30 | jimmy · first_building Barracks |
| 53:25 | omnomnomnivore · age_up imperial |
| 53:40 | omnomnomnivore · first_building Castle |
| 54:15 | iKonnik · resign |
[ ANÁLISIS IA · 1 CRÉDITO ]
¿Qué pasó realmente en esta partida?
Wolo.gg analiza cada decisión: build order, eco, micro, errores típicos por bracket. Análisis personalizado por WhatsApp o Discord en 30 segundos.
Guía civ
Japoneses
Perfil
绿油精点眼睛